 Dungeon Crawl Stone Soup version 0.27-a0-203-gd48b2df3c9 (webtiles) character file.

Game seed: 4821903495669032126

330 wakim the Chiller (level 6, -1/32 HPs)
             Began as a Deep Elf Ice Elementalist on Jan 30, 2021.
             Slain by Grinder (4 damage)
             ... on level 4 of the Dungeon.
             The game lasted 00:18:01 (4158 turns).

wakim the Chiller (Deep Elf Ice Elementalist)       Turns: 4158, Time: 00:18:02

Health: -1/32      AC: 14    Str:  7    XL:     6   Next: 26%
Magic:  8/15       EV: 14    Int: 20    God:
Gold:   265        SH:  0    Dex: 15    Spells: 8/15 levels left

rFire    x . .     SeeInvis .   v - +4 quarterstaff (chaos)
rCold    + + .     Faith    .   (shield currently unavailable)
rNeg     . . .     Spirit   .   a - +0 robe
rPois    .         Reflect  .   f - +0 helmet
rElec    .         Harm     .   u - +0 cloak
rCorr    .         Rampage  .   (no gloves)
Will     .....                  o - +1 pair of boots
Stlth    ++........             g - amulet of the acrobat
HPRegen  0.10/turn              m - ring of protection from cold
MPRegen  0.14/turn              j - ring of ice

@: icy armour, frozen ramparts
A: no striking features
a: no special abilities


You were on level 4 of the Dungeon.
You visited 1 branch of the dungeon, and saw 4 of its levels.

You collected 265 gold pieces.

Inventory:

Hand Weapons
 r - a +1 dagger of flaming
 v - a +4 quarterstaff of chaos (weapon)
Missiles
 h - a throwing net
Armour
 a - a +0 robe (worn)
 e - a cursed -1 robe
 f - a +0 helmet (worn)
 o - a +1 pair of boots (worn)
 u - a +0 cloak (worn)
Jewellery
 g - an amulet of the acrobat (around neck)
 j - a ring of ice (right hand)
 m - a ring of protection from cold (left hand)
Wands
 w - a wand of flame (10)
Scrolls
 b - a scroll of amnesia
 l - a scroll of fog
 n - a scroll of remove curse
 s - 2 scrolls of identify
Potions
 d - a potion of brilliance {unknown}
 i - a potion of degeneration {unknown}
 k - a potion of heal wounds
 p - a potion of attraction {unknown}
 q - 2 potions of flight {unknown}
 z - a potion of curing {unknown}


   Skills:
 + Level 4.5 Dodging
 - Level 2.4 Stealth
 + Level 5.1 Spellcasting
 + Level 1.3 Conjurations
 + Level 1.3 Summonings
 + Level 6.1 Ice Magic


You had 8 spell levels left.
You knew the following spells:

 Your Spells              Type           Power        Failure   Level
a - Freeze                Ice            100%         1%          1
b - Ozocubu's Armour      Ice            44%          2%          3
c - Frozen Ramparts       Ice            88%          2%          3

Your spell library contained the following spells:

 Spells                   Type           Power        Failure   Level
 Beastly Appendage        Tmut           10%          12%         1
 Wereblood                Tmut           5%           17%         2
 Hailstorm                Conj/Ice       30%          24%         4
 Summon Ice Beast         Ice/Summ       30%          24%         4
 Ice Form                 Ice/Tmut       26%          32%         4
 Spider Form              Tmut/Pois      2%           34%         3
 Blade Hands              Tmut           2%           97%         5


Dungeon Overview and Level Annotations

Branches:
Dungeon (4/15)
 Temple: D:4-7

Altars:
Elyvilon
Nemelex Xobeh
Trog

Annotations:
D:4 Grinder


Message History

You closely miss Grinder.
Grinder is heavily wounded.
The frozen ramparts melt away.
Grinder gestures at you. Pain shoots through your body!
Grinder completely misses you.
You feel a surge of power!
The walls around you are covered in ice.
Grinder resists.
The wall freezes Grinder.
Grinder gestures at you. Pain shoots through your body!
You hit Grinder but do no damage.
Grinder is heavily wounded.
Grinder resists.
The wall freezes Grinder.
Grinder hits you!
* * * LOW HITPOINT WARNING * * *
You writhe in agony.
* * * LOW HITPOINT WARNING * * *
You hit Grinder.
Grinder is severely wounded.
Grinder resists.
The wall freezes Grinder.
Grinder hits you.
You die...

.# #.# #..#..# #........ #.##. .#
#.# #.###.# #........ #.##. ..#
#.###.###.###..##+#+# #.##.
...................##.#.#####....
..###.###......................#.
.... ###.#.###....##.######.#.
.... ####.#.# #....##.# #......
.... .......###....##.###.##...
... ##....5@................ #..
#.# #..#.##+#..##.###..#... ..(
#.# #..#...................
...##.# #........#.##.###..#.##
...##.# #..#.....#.##.###..#.##
..# #.# #..#..5..#.............
..# #.# #..#.....####.###..#.##
#.# #.# #..+...>.# #.# #..#...
..# #.#####..#..... #.# #..#.##


You could see Grinder.

Vanquished Creatures
  Crazy Yiuf (D:3)
  2 orc priests (D:4)
  A centaur skeleton (D:4)
  Terence (D:3)
  An orc wizard (D:4)
  A worker ant (D:4)
  A gnoll (D:2)
  3 adders
  2 oozes
  2 adder skeletons (D:4)
  3 worms (D:2)
  4 dart slugs
  8 orcs
  8 bats
  3 giant cockroaches
  3 goblins (D:3)
  6 hobgoblins
  3 jackals (D:3)
  9 kobolds
  A ball python (D:3)
  7 frilled lizards
  A jackal skeleton (D:4)
  10 rats
81 creatures vanquished.

Notes
Turn   | Place    | Note
-------+----------+-------------------------------------------
     0 | D:1      | wakim the Deep Elf Ice Elementalist began the quest for the
                  | Orb.
     0 | D:1      | Reached XP level 1. HP: 10/10 MP: 6/6
   138 | D:1      | Reached XP level 2. HP: 15/15 MP: 6/8
   308 | D:1      | You fall into a shaft and drop 1 floor!
   848 | D:1      | Reached skill level 5 in Ice Magic
  1102 | D:2      | Reached XP level 3. HP: 19/19 MP: 7/10
  1586 | D:2      | Learned a level 3 spell: Ozocubu's Armour
  1590 | D:2      | Learned a level 3 spell: Frozen Ramparts
  1697 | D:2      | Found a sparkling altar of Nemelex Xobeh.
  1834 | D:2      | Reached XP level 4. HP: 24/24 MP: 7/11
  2059 | D:2      | Found a bloodstained altar of Trog.
  2390 | D:3      | Found a runed translucent door.
  2391 | D:3      | Noticed Crazy Yiuf
  2403 | D:3      | Killed Crazy Yiuf
  2545 | D:3      | Noticed Terence
  2580 | D:3      | Killed Terence
  2581 | D:3      | Reached XP level 5. HP: 7/28 MP: 5/13
  3657 | D:4      | Reached skill level 6 in Ice Magic
  3830 | D:4      | Noticed Grinder
  3919 | D:4      | Reached skill level 5 in Spellcasting
  3919 | D:4      | Reached skill level 1 in Conjurations
  3919 | D:4      | Reached skill level 1 in Summonings
  3968 | D:4      | Reached XP level 6. HP: 32/32 MP: 15/15
  3980 | D:4      | Found a white marble altar of Elyvilon.
  4147 | D:4      | Paralysed by Grinder for 6 turns
  4158 | D:4      | Slain by Grinder

Illustrated notes

Levels and vault maps discovered:
D:1:      lemuel_arrival_muddy, layout_basic
D:2:      layout_basic, lemuel_round_altar, lightli_temple_of_fire,
          minmay_unequal
D:3:      minmay_wonky_spiral, layout_basic, st_stairs_7, dk_noncrumbling_2,
          uniq_terence, uniq_crazy_yiuf_cottage
D:4:      layout_basic, serial_park_tiny_1, elyvilon_altar_5, uniq_grinder

Skill      XL: |  1  2  3  4  5 |
---------------+----------------+-----
Ice Magic      | 5 6 |  6.1
Dodging        | 3 4 |  4.5
Spellcasting   | 4 5 |  5.1
Conjurations   | 1 |  1.3
Summonings     | 1 |  1.3
Stealth        | |  2.4

Action                   |  1- 3 |  4- 6 || total
-------------------------+-------+-------++-------
Melee: Unarmed           |     1 |       ||     1
       Short sword       |     4 |     2 ||     6
       Quarterstaff      |       |    32 ||    32
 Cast: Freeze            |    45 |    11 ||    56
       Frozen Ramparts   |     1 |    32 ||    33
       Ozocubu's Armour  |       |     4 ||     4
  Use: Scroll            |       |     9 ||     9
 Stab: Sleeping          |     1 |     1 ||     2
Armor: Robe              |     5 |    12 ||    17
Dodge: Dodged            |    28 |    39 ||    67

Table legend: (Time is in decaauts)
 A = Elapsed time spent in this place.
 B = Non-inter-level travel time spent in this place.
 C = Inter-level travel time spent in this place.
 D = Time resting spent in this place.
 E = Time spent auto-exploring this place.
 F = Levels seen in this place.
 G = Mean time per level.
                   A        B        C        D        E       F      G
               +--------+--------+--------+--------+--------+-----+--------+
         Total |   4168 |   4090 |     78 |   1642 |   1522 |   4 | 1042.0 |
       Dungeon |   4168 |   4090 |     78 |   1642 |   1522 |   4 | 1042.0 |
               +--------+--------+--------+--------+--------+-----+--------+

Top non-repeatable levels by time:
     D:2: 1557 daAuts
     D:3: 1251 daAuts
     D:1: 740 daAuts
     D:4: 620 daAuts
